TOP OF THE 1ST |
Virginia Cavaliers batting - Pitching for Auburn Tigers : RHP Marc Ivey
|
Pitching: RHP Marc Ivey
|
|
Batting: RHB Carl Curry
|
0-0: SOLO HOME RUN (Flyball, 78XD), Distance : 364 ft
|
Batting: RHB Bert Larson
|
0-0: Fly out, F9 (Flyball, 89M)
|
Batting: LHB Marvin MacGruder
|
0-0: Ball 1-0: Foul Ball, location: 2F 1-1: Ball 2-1: Ball 3-1: Foul Ball, location: 2F 3-2: Strikes out looking
|
Batting: RHB Mark Whiffen
|
0-0: Ball 1-0: Ball 2-0: Ground out 4-3 (Groundball, 34)
|
Top of the 1st over - 1 run(s), 1 hit(s), 0 error(s), 0 left on base; Virginia 1 - Auburn 0 |
BOTTOM OF THE 1ST |
Auburn Tigers batting - Pitching for Virginia Cavaliers : RHP Michael Waller
|
Pitching: RHP Michael Waller
|
|
Batting: RHB Bill Petty
|
0-0: SINGLE (Line Drive, 4MD)
|
Batting: RHB Travis Curtis
|
0-0: Ball 1-0: Ball 2-0: Called Strike 2-1: Grounds into double play, 5-4-3 (Groundball, 5)
|
Batting: RHB Robert Porter
|
0-0: Ball 1-0: Ball 2-0: Ball 3-0: Base on Balls
|
Batting: SHB Bruce MacPherson
|
0-0: Called Strike Robert Porter is caught stealing 2nd base
|
Bottom of the 1st over - 0 run(s), 1 hit(s), 0 error(s), 0 left on base; Virginia 1 - Auburn 0 |
TOP OF THE 2ND |
Virginia Cavaliers batting - Pitching for Auburn Tigers : RHP Marc Ivey
|
Batting: LHB Jack Davis
|
0-0: Ball 1-0: Ball 2-0: Foul Ball, location: 2F 2-1: Swinging Strike 2-2: Foul Ball, location: 2F 2-2: Foul Ball, location: 2F 2-2: Ball 3-2: Base on Balls
|
Batting: LHB Randy Pérez
|
0-0: Ball 1-0: Ball 2-0: Called Strike 2-1: Foul Ball, location: 2F 2-2: Ball 3-2: Foul Ball, location: 2F 3-2: Foul Ball, location: 2F 3-2: Base on Balls Jack Davis to second
|
Batting: LHB António Machado
|
0-0: Called Strike 0-1: Ball 1-1: Foul Ball, location: 2F 1-2: Ball 2-2: Foul Ball, location: 2F 2-2: Strikes out swinging
|
Batting: RHB Nick Stephenson
|
0-0: Called Strike 0-1: Foul Ball, location: 2F 0-2: Foul Ball, location: 2F 0-2: Ball 1-2: Foul Ball, location: 2F 1-2: Foul Ball, location: 2F 1-2: Ball 2-2: Strikes out looking
|
Batting: LHB Brett Anderson
|
0-0: Ball 1-0: Ball 2-0: Called Strike 2-1: Foul Ball, location: 2F 2-2: Fly out, F8 (Flyball, 8RS)
|
Top of the 2nd over - 0 run(s), 0 hit(s), 0 error(s), 2 left on base; Virginia 1 - Auburn 0 |
BOTTOM OF THE 2ND |
Auburn Tigers batting - Pitching for Virginia Cavaliers : RHP Michael Waller
|
Batting: SHB Bruce MacPherson
|
0-0: Ball 1-0: Foul Ball, location: 2F 1-1: Swinging Strike 1-2: SOLO HOME RUN (Flyball, 89XD), Distance : 363 ft
|
Batting: LHB Matt Kennedy
|
0-0: Ball 1-0: Foul Ball, location: 2F 1-1: Called Strike 1-2: Ball 2-2: Ball 3-2: Strikes out looking
|
Batting: RHB Mike Farley
|
0-0: Called Strike 0-1: Ball 1-1: Ball 2-1: Ball 3-1: Base on Balls
|
Batting: SHB Andrew Johnson
|
0-0: Ball 1-0: Ball 2-0: Swinging Strike 2-1: Swinging Strike 2-2: Strikes out looking
|
Batting: RHB Patrick Stewart
|
0-0: Called Strike 0-1: Ball 1-1: Ball 2-1: Ball 3-1: Foul Ball, location: 2F 3-2: Base on Balls Mike Farley to second
|
Batting: RHB Lou Perry
|
0-0: Ground out 1-3 (Groundball, 13)
|
Bottom of the 2nd over - 1 run(s), 1 hit(s), 0 error(s), 2 left on base; Virginia 1 - Auburn 1 |
TOP OF THE 3RD |
Virginia Cavaliers batting - Pitching for Auburn Tigers : RHP Marc Ivey
|
Batting: RHB Carl Curry
|
0-0: Foul Ball, location: 2F 0-1: Ball 1-1: Ground out 6-3 (Groundball, 56)
|
Batting: RHB Bert Larson
|
0-0: Ground out U3 (Groundball, 34)
|
Batting: LHB Marvin MacGruder
|
0-0: Swinging Strike 0-1: Swinging Strike 0-2: Ball 1-2: SINGLE (Groundball, 56) (infield hit)
|
Batting: RHB Mark Whiffen
|
0-0: Ball 1-0: Swinging Strike 1-1: Ball 2-1: Foul Ball, location: 2F 2-2: Strikes out swinging
|
Top of the 3rd over - 0 run(s), 1 hit(s), 0 error(s), 1 left on base; Virginia 1 - Auburn 1 |
BOTTOM OF THE 3RD |
Auburn Tigers batting - Pitching for Virginia Cavaliers : RHP Michael Waller
|
Batting: RHB Bill Petty
|
0-0: Ball 1-0: Ball 2-0: Ball 3-0: Called Strike 3-1: Foul Ball, location: 2F 3-2: Strikes out swinging
|
Batting: RHB Travis Curtis
|
0-0: Fly out, F8 (Flyball, 8LM)
|
Batting: RHB Robert Porter
|
0-0: Ball 1-0: Foul Ball, location: 2F 1-1: Ball 2-1: Called Strike 2-2: Foul Ball, location: 2F 2-2: Ball 3-2: Foul Ball, location: 2F 3-2: Ground out 6-3 (Groundball, 6)
|
Bottom of the 3rd over - 0 run(s), 0 hit(s), 0 error(s), 0 left on base; Virginia 1 - Auburn 1 |
TOP OF THE 4TH |
Virginia Cavaliers batting - Pitching for Auburn Tigers : RHP Marc Ivey
|
Batting: LHB Jack Davis
|
0-0: DOUBLE (Groundball, 3L)
|
Batting: LHB Randy Pérez
|
0-0: SINGLE (Groundball, 5D) Jack Davis to third
|
Batting: LHB António Machado
|
0-0: Ball 1-0: Foul Ball, location: 2F 1-1: Called Strike 1-2: Ball 2-2: Foul Ball, location: 2F 2-2: Strikes out swinging
|
Batting: RHB Nick Stephenson
|
0-0: Swinging Strike 0-1: Ball 1-1: Ball Randy Pérez is caught stealing 2nd base 2-1: Swinging Strike 2-2: Ball 3-2: Foul Ball, location: 2F 3-2: Strikes out looking
|
Top of the 4th over - 0 run(s), 2 hit(s), 0 error(s), 1 left on base; Virginia 1 - Auburn 1 |
BOTTOM OF THE 4TH |
Auburn Tigers batting - Pitching for Virginia Cavaliers : RHP Michael Waller
|
Batting: SHB Bruce MacPherson
|
0-0: Ball 1-0: Called Strike 1-1: Ground out 4-3 (Groundball, 4S)
|
Batting: LHB Matt Kennedy
|
0-0: Called Strike 0-1: Ball 1-1: Foul Ball, location: 2F 1-2: Fly out, F7 (Flyball, 78S)
|
Batting: RHB Mike Farley
|
0-0: Called Strike 0-1: Called Strike 0-2: Ball 1-2: Ground out 4-3 (Groundball, 4)
|
Bottom of the 4th over - 0 run(s), 0 hit(s), 0 error(s), 0 left on base; Virginia 1 - Auburn 1 |
TOP OF THE 5TH |
Virginia Cavaliers batting - Pitching for Auburn Tigers : RHP Marc Ivey
|
Batting: LHB Brett Anderson
|
0-0: Fly out, F6 (Flyball, 6D)
|
Batting: RHB Carl Curry
|
0-0: Called Strike 0-1: Ball 1-1: Bunt missed! 1-2: Ground out 5-3 (Groundball, 56S)
|
Batting: RHB Bert Larson
|
0-0: Called Strike 0-1: Swinging Strike 0-2: Ball 1-2: Strikes out swinging
|
Top of the 5th over - 0 run(s), 0 hit(s), 0 error(s), 0 left on base; Virginia 1 - Auburn 1 |
BOTTOM OF THE 5TH |
Auburn Tigers batting - Pitching for Virginia Cavaliers : RHP Michael Waller
|
Batting: SHB Andrew Johnson
|
0-0: Called Strike 0-1: Ball 1-1: SINGLE (Line Drive, 4D)
|
Batting: RHB Patrick Stewart
|
0-0: Ball 1-0: Ball 2-0: Grounds into double play, 5-4-3 (Groundball, 56)
|
Batting: RHB Lou Perry
|
0-0: Ball 1-0: Ball 2-0: Called Strike 2-1: Ball 3-1: Base on Balls
|
Batting: RHB Bill Petty
|
0-0: Ball 1-0: Reached on error, E6 (Groundball, 6) Lou Perry to second
|
Batting: RHB Travis Curtis
|
0-0: Swinging Strike 0-1: Fly out, F6 (Flyball, 6D)
|
Bottom of the 5th over - 0 run(s), 1 hit(s), 1 error(s), 2 left on base; Virginia 1 - Auburn 1 |
TOP OF THE 6TH |
Virginia Cavaliers batting - Pitching for Auburn Tigers : RHP Marc Ivey
|
Pitching: RHP Nick Green
|
|
Batting: LHB Marvin MacGruder
|
0-0: Called Strike 0-1: Ball 1-1: Fly out, F3 (Line Drive, 34S)
|
Batting: RHB Mark Whiffen
|
0-0: Ball 1-0: Ball 2-0: Called Strike 2-1: Ground out 6-3 (Groundball, 56)
|
Batting: LHB Jack Davis
|
0-0: Called Strike 0-1: Ball 1-1: Ball 2-1: Called Strike 2-2: Foul Ball, location: 2F 2-2: Strikes out swinging
|
Top of the 6th over - 0 run(s), 0 hit(s), 0 error(s), 0 left on base; Virginia 1 - Auburn 1 |
BOTTOM OF THE 6TH |
Auburn Tigers batting - Pitching for Virginia Cavaliers : RHP Michael Waller
|
Batting: RHB Robert Porter
|
0-0: Called Strike 0-1: Foul Ball, location: 2F 0-2: Ball 1-2: Fly out, F6 (Line Drive, 6)
|
Pitching: RHP Jeff Paul
|
|
Batting: SHB Bruce MacPherson
|
0-0: Called Strike 0-1: Called Strike 0-2: Foul Ball, location: 2F 0-2: Ball 1-2: Ball 2-2: Ball 3-2: SINGLE (Flyball, 8RS)
|
Batting: LHB Matt Kennedy
|
0-0: Ball 1-0: Foul Ball, location: 2F 1-1: Ball 2-1: Foul Ball, location: 2F 2-2: Ball 3-2: Foul Ball, location: 2F 3-2: Fly out, F9 (Flyball, 9LM)
|
Batting: RHB Mike Farley
|
0-0: Foul Ball, location: 2F 0-1: Ball Wild Pitch! Bruce MacPherson to second 1-1: Reached on error, E8 (Flyball, 89D) Bruce MacPherson scores
|
Batting: SHB Andrew Johnson
|
0-0: Foul Ball, location: 2F 0-1: Swinging Strike 0-2: Foul Ball, location: 2F 0-2: Ball 1-2: Ball 2-2: Ball 3-2: Base on Balls
|
Batting: RHB Patrick Stewart
|
0-0: Ball 1-0: Ball 2-0: Ball 3-0: Called Strike 3-1: Foul Ball, location: 2F 3-2: Strikes out swinging
|
Bottom of the 6th over - 1 run(s), 1 hit(s), 1 error(s), 2 left on base; Virginia 1 - Auburn 2 |
TOP OF THE 7TH |
Virginia Cavaliers batting - Pitching for Auburn Tigers : RHP Nick Green
|
Batting: LHB Randy Pérez
|
0-0: Ball 1-0: Ball 2-0: Ground out U3 (Groundball, 3)
|
Batting: LHB António Machado
|
0-0: Ball 1-0: Ball 2-0: SINGLE (Groundball, 4MD)
|
Pitching: RHP Brandon Davis
|
|
Batting: RHB Nick Stephenson
|
0-0: Ball 1-0: Called Strike 1-1: Called Strike 1-2: Grounds into double play, 6-4-3 (Groundball, 6)
|
Top of the 7th over - 0 run(s), 1 hit(s), 0 error(s), 0 left on base; Virginia 1 - Auburn 2 |
BOTTOM OF THE 7TH |
Auburn Tigers batting - Pitching for Virginia Cavaliers : RHP Jeff Paul
|
Batting: RHB Lou Perry
|
0-0: Ball 1-0: Fly out, F8 (Flyball, 8LM)
|
Batting: RHB Bill Petty
|
0-0: Ball 1-0: Called Strike 1-1: Ground out 4-3 (Groundball, 4)
|
Batting: RHB Travis Curtis
|
0-0: Ball 1-0: Ground out 6-3 (Groundball, 6M)
|
Bottom of the 7th over - 0 run(s), 0 hit(s), 0 error(s), 0 left on base; Virginia 1 - Auburn 2 |
TOP OF THE 8TH |
Virginia Cavaliers batting - Pitching for Auburn Tigers : RHP Brandon Davis
|
Pitching: LHP Carl Piña
|
|
Batting: LHB Brett Anderson
|
0-0: Ball 1-0: Called Strike 1-1: Swinging Strike 1-2: Ball 2-2: Strikes out swinging
|
Pitching: RHP Simon Ward
|
|
Batting: RHB Carl Curry
|
0-0: Called Strike 0-1: Called Strike 0-2: Ball 1-2: Strikes out swinging
|
Batting: RHB Bert Larson
|
0-0: Called Strike 0-1: Fly out, F9 (Flyball, 9)
|
Top of the 8th over - 0 run(s), 0 hit(s), 0 error(s), 0 left on base; Virginia 1 - Auburn 2 |
BOTTOM OF THE 8TH |
Auburn Tigers batting - Pitching for Virginia Cavaliers : RHP Jeff Paul
|
Batting: RHB Robert Porter
|
0-0: Ball 1-0: Called Strike 1-1: Swinging Strike 1-2: Foul Ball, location: 2F 1-2: Ball 2-2: Strikes out swinging
|
Batting: SHB Bruce MacPherson
|
0-0: Called Strike 0-1: Swinging Strike 0-2: Strikes out looking
|
Batting: LHB Matt Kennedy
|
0-0: Ball 1-0: Called Strike 1-1: Fly out, F4 (Popup, 34D)
|
Bottom of the 8th over - 0 run(s), 0 hit(s), 0 error(s), 0 left on base; Virginia 1 - Auburn 2 |
TOP OF THE 9TH |
Virginia Cavaliers batting - Pitching for Auburn Tigers : RHP Simon Ward
|
Pitching: RHP Michael Washington
|
|
Batting: LHB Marvin MacGruder
|
0-0: Ground out 5-3 (Groundball, 25)
|
Batting: RHB Mark Whiffen
|
0-0: Ball 1-0: Foul Ball, location: 2F 1-1: Foul Ball, location: 2F 1-2: Foul Ball, location: 2F 1-2: Ball 2-2: Ball 3-2: Base on Balls
|
Batting: LHB Jack Davis
|
0-0: Grounds into double play, 6-4-3 (Groundball, 6)
|
Top of the 9th over - 0 run(s), 0 hit(s), 0 error(s), 0 left on base; Virginia 1 - Auburn 2 |
|